 Dungeon Crawl Stone Soup version 0.18.1-50-g88ac8fd (webtiles) character file.

66 Gargoyl the Skirmisher (level 3, 0/30 HPs)
             Began as a Demonspawn Abyssal Knight on Sept 18, 2016.
             Was a Believer of Lugonu.
             Killed from afar by Natasha (4 damage)
             ... with a magic dart
             ... on level 3 of the Dungeon.
             The game lasted 00:03:47 (1987 turns).

Gargoyl the Skirmisher (Demonspawn Abyssal Knight)  Turns: 1987, Time: 00:03:48

Health: 0/30       AC:  9    Str: 13    XL:     3   Next: 96%
Magic:  5/5        EV:  9    Int: 13    God:    Lugonu [**....]
Gold:   77         SH:  0    Dex: 12    Spells: 0 memorised, 2 levels left

rFire  + . .     SeeInvis .     a - +1 hand axe
rCold  . . .     Gourm    .     f - +0 scale mail (curse)
rNeg   . . .     Faith    .     (no shield)
rPois  .         Spirit   .     (no helmet)
rElec  .         Dismiss  .     (no cloak)
rCorr  .         Reflect  .     (no gloves)
SustAt .         Harm     .     o - +2 pair of boots
MR     .....                    (no amulet)
Stlth  ..........               (no ring)
                                (no ring)

@: invisible, not resistant to hostile enchantments, extremely unstealthy
A: fire resistance 1, flame cloud immunity
a: Depart the Abyss, Bend Space, Renounce Religion


You were on level 3 of the Dungeon.
You worshipped Lugonu.
Lugonu was pleased with you.
You were not hungry.

You visited 1 branch of the dungeon, and saw 3 of its levels.
You visited the Abyss 1 time.

You collected 77 gold pieces.

Inventory:

Hand Weapons
 a - a +1 hand axe (weapon)
Armour
 f - a cursed +0 scale mail (worn)
 o - a +2 pair of boots (worn)
Scrolls
 b - a scroll of identify {unknown}
 d - 3 scrolls of remove curse {unknown}
 e - 3 scrolls of amnesia {unknown}
 g - 2 scrolls of immolation {unknown}
 l - a scroll of teleportation {unknown}
 m - a scroll of recharging {unknown}
Potions
 i - a potion of flight {unknown}
 k - a potion of cure mutation
 n - a potion of degeneration {unknown}
Comestibles
 c - 2 bread rations


   Skills:
 + Level 3.8 Fighting
 + Level 2.4 Axes
 * Level 2.5 Armour
 + Level 1.0 Dodging
 + Level 2.7 Invocations


You had 2 spell levels left.
You didn't know any spells.

Dungeon Overview and Level Annotations

Branches:
Dungeon (3/15)

Altars:
Elyvilon
Yredelemnul

Annotations:
D:3 Natasha


Innate Abilities, Weirdness & Mutations

Your flesh is heat resistant.
You are immune to clouds of flame.


Message History

Natasha claws you.
You hit Natasha.
Natasha is moderately wounded.
Natasha casts a spell at you. The magic dart hits you!
* * * LOW HITPOINT WARNING * * *
Drink which item? (? for menu, Esc to quit)
It was a potion of cure mutation.
It has a very clean taste.
Natasha claws you but does no damage.
Drink which item? (? for menu, Esc to quit)
It was a potion of curing.
You feel better.
Natasha stares at you and mumbles some strange words.
The magic dart hits you!
* * * LOW HITPOINT WARNING * * *
Drink which item? (? for menu, Esc to quit)
It was a potion of invisibility.
You fade into invisibility!
Natasha stares at you and mumbles some strange words.
The magic dart hits you!
You die...

#....####.##.#....###
#........#########.
#........+ .
####.....# .#
#.....#..# #........#
#.....##... #.$...#
.. #@....# .
#.(h.....# #......###
#......# #.......
#.......# #.......#
#........


You could see Natasha.

Vanquished Creatures
  An adder (D:2)
  2 oozes (D:1)
  A dart slug (D:2)
  4 giant geckos
  An orc (D:3)
  6 bats
  A giant cockroach (D:3)
  5 goblins
  6 hobgoblins
  A giant newt (D:1)
  7 kobolds
  7 rats
42 creatures vanquished.

Notes
Turn   | Place    | Note
--------------------------------------------------------------
     0 | Abyss:1  | Gargoyl the Demonspawn Abyssal Knight began the quest for the Orb.
     0 | Abyss:1  | Reached XP level 1. HP: 18/18 MP: 2/2
    80 | Abyss:1  | Noticed a small abomination
   107 | Abyss:1  | Found a corrupted altar of Lugonu.
   184 | Abyss:2  | Noticed a neqoxec
   184 | D:1      | Escaped the Abyss
   305 | D:1      | Gained mutation: Your flesh is heat resistant. [demonic ancestry]
   305 | D:1      | Reached XP level 2. HP: 23/24 MP: 3/3
   456 | D:1      | Reached * piety under Lugonu
  1073 | D:2      | Gained mutation: You are immune to clouds of flame. [demonic ancestry]
  1073 | D:2      | Reached XP level 3. HP: 29/30 MP: 5/5
  1146 | D:2      | Found a basalt altar of Yredelemnul.
  1312 | D:2      | Found a white marble altar of Elyvilon.
  1542 | D:2      | Reached ** piety under Lugonu
  1802 | D:2      | Reached skill level 1 in Dodging
  1976 | D:3      | Noticed Natasha
  1987 | D:3      | Killed from afar by Natasha

Skill      XL: |  1  2  3 |
---------------+----------+-----
Armour         | 2 |  2.5
Axes           | 2 |  2.4
Dodging        | 1 |  1.0
Fighting       | |  3.8
Invocations    | |  2.7

Action                   || total
-------------------------++-------
Melee: Hand axe          ||   153
Invok: Depart the Abyss  ||     1
  Use: Potion            ||     3
  Eat: Chunk             ||     4
Armor: Scale mail        ||    90
Dodge: Dodged            ||    94
